 Dungeon Crawl Stone Soup version 0.31-a0-271-gb88eb75e06 (webtiles) character file.

Game seed: 13283183640912716283

81 HallandMoats the Trooper (level 4, -2/35 (37) HPs)
             Began as a Demonspawn Fighter on July 15, 2023.
             Slain by Crazy Yiuf
             ... wielding a +2 quarterstaff of chaos
              (5 damage)
             ... on level 2 of the Dungeon.
             The game lasted 00:02:50 (2047 turns).

HallandMoats the Trooper (Demonspawn Fighter)       Turns: 2047, Time: 00:02:52

HP:   -2/35 (37)    AC:  8    Str: 18    XL:     4   Next: 19%
MP:   4/4           EV:  9    Int: 10    God:
Gold: 131           SH:  4    Dex: 12    Spells: 3/3 levels left

rFire   . .          .
                       - Unarmed
rCold   . . .        c - +0 buckler
rNeg    . . .        a - +0 scale mail
rPois   .            g - +1 hat
rElec   .            (no cloak)
rCorr   .            (no gloves)
SInv    .            (no boots)
Will    .....        (no amulet) Stlth
                     (no ring)
HPRegen 0.25/turn    (no ring)
MPRegen 0.09/turn

%: no passive effects
@: lethally poisoned (-2 -> -4), drained
A: claws 1, sharp scales 1
a: no special abilities


You were on level 2 of the Dungeon.
You visited 1 branch of the dungeon, and saw 2 of its levels.

You collected 131 gold pieces.

Inventory:

Hand Weapons
 b - a +0 war axe
Armour
 a - a +0 scale mail (worn)
 c - a +0 buckler (worn)
 g - a +1 hat (worn)
Jewellery
 l - a +6 ring of intelligence
Scrolls
 f - a scroll of identify {unknown}
 h - a scroll of teleportation {unknown}
 i - a scroll of poison {unknown}
 j - a scroll of enchant weapon {unknown}
 p - a scroll of vulnerability {unknown}
 q - a scroll of immolation {unknown}
Potions
 d - a potion of might
 e - a potion of resistance {unknown}
 k - a potion of lignification {unknown}
 m - a potion of curing {unknown}
 n - a potion of mutation {unknown}
 o - a potion of brilliance {unknown}
 r - 2 potions of haste {unknown}


   Skills:
 * Level 3.9 Fighting
 - Level 2.4 Axes
 - Level 2.6 Armour
 + Level 3.0 Shields
 * Level 1.5 Unarmed Combat


You had 3 spell levels left.
You didn't know any spells.
Your spell library contained the following spells:

 Spells                   Type           Power      Damage    Failure   Level
 Cigotuvi's Dreadful Rot  Necr/Pois/Air  0%         N/A       93%         2
 Ignite Poison            Fire/Tmut/Pois 0%         N/A       99%         3
 Freezing Cloud           Conj/Ice/Air   0%         6-21      100%        5


Dungeon Overview and Level Annotations

Branches:
Dungeon (2/15)

Altars:

Shops:
D:1 :

Annotations:
D:2 Crazy Yiuf


Innate Abilities, Weirdness & Mutations

You have sharp fingernails.
You are partially covered in razor-sharp scales. (AC +1, Slay +1)


Message History

There is an open door here.
You now have 116 gold pieces (gained 6).
You now have 130 gold pieces (gained 14).
You open the door.
There is an open door here.
There is a stone staircase leading up here.
You see here 8 stones.
You now have 131 gold pieces (gained 1).
You see here a +0 hammer.
Crazy Yiuf shouts!
You open the door.
You scratch Crazy Yiuf but do no damage.
Crazy Yiuf hits you but does no damage.
You closely miss Crazy Yiuf.
Crazy Yiuf hits you with a +2 quarterstaff of chaos.
You convulse.
You barely miss Crazy Yiuf. Crazy Yiuf hits you but does no damage.
You are poisoned.
You scratch Crazy Yiuf.
Crazy Yiuf is lightly wounded.
You feel very sick. Crazy Yiuf barely misses you.
You barely miss Crazy Yiuf.
Crazy Yiuf is lightly wounded.
You feel sick. Crazy Yiuf barely misses you.
You claw Crazy Yiuf!
Crazy Yiuf is heavily wounded.
You feel sick. You block Crazy Yiuf's attack.
You scratch Crazy Yiuf.
Crazy Yiuf is severely wounded.
You feel sick.
Crazy Yiuf hits you with a +2 quarterstaff of chaos!
You feel drained.
You scratch Crazy Yiuf but do no damage.
Crazy Yiuf is severely wounded.
You feel sick.
Crazy Yiuf hits you with a +2 quarterstaff of chaos!
* * * LOW HITPOINT WARNING * * *
You convulse.
You die...

.....##...................##.#
.....##...................##.#
.....##.................#.##.#
.....##.#################.##.#
#'#####.# #.##.# .....)..#
#.##.# ...#######♣♣ ###
#.##.#### .........#P♣♣
♣♣#..)# ##.##.....
.#.###.....P♣♣♣♣@g...#
#......### .#.#
##).....♣..♣#...# ##.##.##
.#.#####.#P.♣.♣♣♣ ### #.##.#
.......###♣♣♣♣♣ #.##.#
.#.###.# #.(..# .#.# #.#
#######.####### ...# #.#
#.##..#.# #.... .### #.#
#.##.##.###.### ...# #.#
#.##.##.....#


You could see Crazy Yiuf.

Vanquished Creatures
  Terence (D:2)
  2 adders (D:2)
  2 dart slugs (D:1)
  2 ball pythons
  An endoplasm (D:2)
  2 giant cockroaches (D:1)
  4 goblins
  3 hobgoblins
  3 quokkas (D:1)
  4 bats
  A frilled lizard (D:1)
  5 kobolds
  3 rats (D:1)
33 creatures vanquished.

Notes
Turn   | Place    | Note
-------+----------+-------------------------------------------
     0 | D:1      | HallandMoats the Demonspawn Fighter began the quest for the
                  | Orb.
     0 | D:1      | Reached XP level 1. HP: 18/18 MP: 1/1
   251 | D:1      | Gained mutation: You have sharp fingernails. [demonic
                  | ancestry]
   251 | D:1      | Reached XP level 2. HP: 20/24 MP: 2/2
   385 | D:1      | Found Fohofog's Book Emporium.
   560 | D:1      | Found a faded altar of an unknown god.
  1206 | D:2      | Gained mutation: You are partially covered in razor-sharp
                  | scales. (AC +1, Slay +1) [demonic ancestry]
  1206 | D:2      | Reached XP level 3. HP: 29/29 MP: 3/3
  1378 | D:2      | Noticed Terence
  1384 | D:2      | Killed Terence
  1385 | D:2      | Reached skill level 1 in Unarmed Combat
  1454 | D:2      | Reached XP level 4. HP: 37/37 MP: 4/4
  1740 | D:2      | Found a runed translucent door.
  1741 | D:2      | Noticed Crazy Yiuf
  2047 | D:2      | Slain by Crazy Yiuf

Illustrated notes

Levels and vault maps discovered:
D:1:      scummos_arrival_simple_fountains, layout_loops_corners, serial_shops,
          nicolae_shop_stone, basic_ecumenical_altar, dreamdust_princess_bridge,
          minmay_fountain_box
D:2:      layout_basic, minmay_misc_feat_diagonals, uniq_crazy_yiuf_cottage,
          uniq_terence

Skill      XL: |  1  2  3 |
---------------+----------+-----
Axes           | 2 |  2.4
Shields        | 3 |  3.0
Unarmed Combat | 1 |  1.5
Fighting       | |  3.9
Armour         | |  2.6

Action                     |  1- 3 |  4- 6 || total
---------------------------+-------+-------++-------
  Melee: War axe           |    19 |       ||    19
         Unarmed           |   118 |    15 ||   133
 Armour: Scale mail        |    71 |     8 ||    79
  Dodge: Dodged            |    55 |     2 ||    57
  Block: Buckler           |    22 |     2 ||    24

Table legend: (Time is in decaauts)
 A = Elapsed time spent in this place.
 B = Non-inter-level travel time spent in this place.
 C = Inter-level travel time spent in this place.
 D = Time resting spent in this place.
 E = Time spent auto-exploring this place.
 F = Levels seen in this place.
 G = Mean time per level.
                   A        B        C        D        E       F      G
               +--------+--------+--------+--------+--------+-----+--------+
         Total |   2058 |   2023 |     35 |     36 |   1563 |   2 | 1029.0 |
       Dungeon |   2058 |   2023 |     35 |     36 |   1563 |   2 | 1029.0 |
               +--------+--------+--------+--------+--------+-----+--------+

Top non-repeatable levels by time:
     D:1: 1137 daAuts
     D:2: 921 daAuts
